 Dungeon Crawl Stone Soup version 0.21-a0-404-g291f19a (webtiles) character file.

1689 drevant the Chopper (level 8, -4/64 HPs)
             Began as a Demonspawn Abyssal Knight on Oct 27, 2017.
             Was an Elder of Lugonu.
             Killed by divine providence
             ... invoked by an orc priest
              (15 damage)
             ... on level 6 of the Dungeon.
             The game lasted 00:17:26 (7869 turns).

drevant the Chopper (Demonspawn Abyssal Knight)     Turns: 7869, Time: 00:17:26

Health: -4/64      AC:  9    Str: 15    XL:     8   Next: 72%
Magic:  13/13      EV: 10    Int: 18    God:    Lugonu [****..]
Gold:   266        SH:  0    Dex: 13    Spells: 7/7 levels left

rFire    . . .     SeeInvis .   h - +1 dagger (venom)
rCold    . . .     Gourm    .   (no shield)
rNeg     . . .     Faith    .   n - +0 scale mail
rPois    .         Spirit   .   l - +1 helmet
rElec    .         Reflect  .   S - +0 cloak
rCorr    +         Harm     .   (no gloves)
MR       +....                  (no boots)
Stlth    ..........             (no amulet)
HPRegen  0.20/turn              F - ring of protection from magic
MPRegen  0.13/turn              w - ring of resist corrosion

@: brilliant
A: talons 2, demonic guardian 1, foul stench 1, rot immunity
a: Depart the Abyss, Bend Space, Banish, Corrupt, Renounce Religion


You were on level 6 of the Dungeon.
You worshipped Lugonu.
Lugonu was greatly pleased with you.
You were not hungry.

You visited 1 branch of the dungeon, and saw 7 of its levels.
You visited the Abyss 1 time.
You also visited: Ossuary.

You collected 266 gold pieces.

Inventory:

Hand Weapons
 a - a +1 hand axe
 h - a +1 dagger of venom (weapon)
Missiles
 i - 145 stones (quivered)
Armour
 b - a +0 leather armour
 l - a +1 helmet (worn)
 n - a +0 scale mail (worn)
 o - a +0 buckler
 S - a +0 cloak (worn)
Jewellery
 m - an uncursed ring of fire
 w - a ring of resist corrosion (right hand)
 F - a ring of protection from magic (left hand)
 T - an uncursed amulet of regeneration {unknown}
Wands
 f - a wand of flame (25/48)
 v - a wand of flame (22/48)
 E - a wand of random effects (10/48)
 G - a wand of digging (17/24)
 K - a wand of lightning (6/15)
 L - a wand of acid (5/15)
 M - a wand of flame (19/48)
 N - a wand of confusion (33/48)
 O - a wand of iceblast (7/15)
Scrolls
 e - 6 scrolls of identify
 g - a scroll of enchant weapon {unknown}
 j - 4 scrolls of remove curse
 q - 2 scrolls of fear {unknown}
 u - 3 scrolls of teleportation
 y - 2 scrolls of vulnerability {unknown}
 A - 2 scrolls of blinking {unknown}
 H - a scroll of magic mapping
 I - 2 scrolls of amnesia {unknown}
 Q - a scroll of recharging {unknown}
Potions
 d - 2 potions of might {unknown}
 k - 5 potions of curing {unknown}
 r - 2 potions of heal wounds {unknown}
 t - a potion of resistance
 x - a potion of ambrosia {unknown}
 z - 2 potions of mutation {unknown}
 C - 2 potions of brilliance
 D - 2 potions of lignification {unknown}
 J - 2 potions of flight {unknown}
 U - 2 potions of haste {unknown}
Comestibles
 c - 5 bread rations
 p - 3 meat rations
 s - a chunk of flesh
 B - a royal jelly
 R - 4 fruits


   Skills:
 + Level 6.2 Fighting
 * Level 7.2 Axes
 - Level 2.5 Armour
 - Level 2.3 Dodging
 + Level 6.7 Invocations


You had 7 spell levels left.
You didn't know any spells.

Dungeon Overview and Level Annotations

Branches:
Dungeon (7/15)
 Temple: D:4-7

Altars:
Ashenzari
Makhleb
Okawaru
Ru
Trog
Uskayaw
Yredelemnul

Annotations:
D:3 Natasha; Xiguana's ghost, amateur GnSk


Innate Abilities, Weirdness & Mutations

You have razor-sharp toenails.
A weak demonic guardian rushes to your aid.
You may emit foul miasma when damaged in melee.
You are immune to rotting.


Message History

The water moccasin bites you but does no damage.
The orc priest hits you but does no damage.
You hear some strange, mumbled words.
A magic dart appears from out of thin air!
The magic dart hits you!
* * * LOW HITPOINT WARNING * * *
You barely miss the orc priest.
The orc priest is lightly wounded.
The water moccasin closely misses you.
The orc priest looks encouraged for a moment.
Something hits you but does no damage. The water moccasin bites you.
* * * LOW HITPOINT WARNING * * *
You emit a cloud of foul miasma!
It was a potion of brilliance.
You feel clever all of a sudden.
The water moccasin is engulfed in dark miasma.
The water moccasin looks even sicker.
The water moccasin barely misses you.
The orc priest calls down the wrath of Beogh upon you.
Beogh smites you!
You die...

#.# #.#≈.). #.#
#.#≈...
#.########.#≈≈≈≈
#..........#####
#######....#######
#..........##
#.###.......# #.#
#S......# ###
#.###@5.....########..
#.#.o{.............'..
#.#.#.......########..
#.#.#.......# #.....
#.#.#.......# #...#.
#.#.#.......# #...#.
#.#.#############...#.
#.#.............'.....
#.###############...##


You could see a water moccasin, an orc priest and a friendly white imp.

Vanquished Creatures
  A wraith (Ossuary)
  Eustachio (D:5)
  A sky beast (D:6)
  A phantom (D:5)
  A bullfrog (D:6)
  A scorpion (D:4)
  2 wights (Ossuary)
  A howler monkey (D:5)
  A bullfrog zombie (D:5)
  A centaur zombie (Ossuary)
  2 hounds
  Crazy Yiuf (D:5)
  4 worker ants
  Ijyb (D:5)
  Terence (D:3)
  Natasha (D:3)
  2 orc wizards
  A hound skeleton (D:6)
  9 adders
  A shadow imp (D:5)
  2 oozes (D:1)
  2 adder skeletons
  An adder zombie (Ossuary)
  2 worms (D:2)
  3 dart slugs (D:1)
  5 leopard geckos
  10 orcs
  3 ball pythons
  7 bats
  6 giant cockroaches
  6 goblins
  6 hobgoblins
  2 jackals (D:3)
  3 quokkas
  3 ball python skeletons (Ossuary)
  6 frilled lizards
  A hobgoblin zombie (Ossuary)
  A jackal skeleton (D:6)
  4 kobolds
  A kobold zombie (Ossuary)
  2 orc zombies (Ossuary)
  9 rats
119 creatures vanquished.

Vanquished Creatures (collateral kills)
  Grinder (D:5)
  A wraith (Ossuary)
  An ogre (D:6)
  2 centaurs
  A wight (Ossuary)
  A crimson imp (D:5)
  A hound (D:5)
  A jelly (D:7)
  A hound skeleton (D:7)
  An orc (D:7)
  A giant cockroach (D:4)
12 creatures vanquished.

Grand Total: 131 creatures vanquished

Notes
Turn   | Place    | Note
-------+----------+-------------------------------------------
     0 | Abyss:1  | drevant the Demonspawn Abyssal Knight began the quest for the Orb.
     0 | Abyss:1  | Reached XP level 1. HP: 18/18 MP: 2/2
    15 | Abyss:1  | Found a corrupted altar of Lugonu.
    31 | D:1      | Escaped the Abyss
    36 | D:1      | Reached skill level 2 in Axes
    36 | D:1      | Reached skill level 1 in Dodging
    53 | D:1      | Gained mutation: You are immune to rotting. [demonic ancestry]
    53 | D:1      | Reached XP level 2. HP: 23/24 MP: 3/3
   423 | D:1      | Reached ** piety under Lugonu
   423 | D:1      | Gained mutation: A weak demonic guardian rushes to your aid. [demonic ancestry]
   423 | D:1      | Reached XP level 3. HP: 21/29 MP: 4/4
  1915 | D:3      | Gained mutation: You have sharp toenails. [demonic ancestry]
  1915 | D:3      | Reached XP level 4. HP: 27/35 MP: 5/5
  2080 | D:3      | Reached skill level 3 in Axes
  2354 | D:3      | Reached *** piety under Lugonu
  2360 | D:3      | Gained mutation: You may emit foul miasma when damaged in melee. [demonic ancestry]
  2360 | D:3      | Reached XP level 5. HP: 39/42 MP: 6/6
  2534 | D:3      | Noticed Natasha
  2542 | D:3      | Killed Natasha
  2723 | D:3      | Noticed Xiguana's ghost (amateur GnSk)
  2906 | D:3      | Noticed Natasha
  3162 | D:3      | Noticed Terence
  3172 | D:3      | Killed Terence
  3461 | D:4      | Found a hide-covered altar of Uskayaw.
  3464 | D:4      | Found a burning altar of Makhleb.
  3465 | D:4      | Found a basalt altar of Yredelemnul.
  3468 | D:4      | Found a shattered altar of Ashenzari.
  3470 | D:4      | Found an iron altar of Okawaru.
  3779 | D:4      | Reached skill level 4 in Axes
  3779 | D:4      | Gained mutation: You have razor-sharp toenails. [demonic ancestry]
  3779 | D:4      | Reached XP level 6. HP: 48/48 MP: 8/8
  4069 | D:5      | Entered Level 5 of the Dungeon
  4104 | D:5      | Found a bloodstained altar of Trog.
  4105 | D:5      | Noticed Ijyb
  4115 | D:5      | Killed Ijyb
  4131 | D:5      | Found a sand-covered staircase.
  4139 | Ossuary  | Entered an ossuary
  4270 | Ossuary  | Noticed a wraith
  4270 | Ossuary  | Noticed a flying skull
  4282 | Ossuary  | Noticed a flying skull
  4283 | Ossuary  | Noticed a wraith
  4297 | Ossuary  | Killed a wraith
  4297 | Ossuary  | Reached XP level 7. HP: 27/55 MP: 8/10
  4436 | Ossuary  | Noticed a flying skull
  4438 | Ossuary  | Noticed a flying skull
  4473 | Ossuary  | Noticed a flying skull
  4501 | Ossuary  | Reached skill level 5 in Axes
  4849 | Ossuary  | Noticed a wraith
  4892 | Ossuary  | Killed a wraith
  5274 | D:5      | Noticed Eustachio
  5336 | D:5      | Found a sacrificial altar of Ru.
  5372 | D:5      | Reached skill level 5 in Fighting
  5431 | D:5      | Noticed Grinder
  5449 | D:5      | Killed Grinder
  5449 | D:5      | Reached skill level 5 in Invocations
  5894 | D:5      | Reached skill level 6 in Axes
  5973 | D:5      | Found a runed door.
  6099 | D:5      | Reached XP level 8. HP: 60/63 MP: 11/11
  6121 | D:5      | Killed Eustachio
  6228 | D:5      | Noticed Crazy Yiuf
  6235 | D:5      | Killed Crazy Yiuf
  6525 | D:5      | Reached **** piety under Lugonu
  7790 | D:6      | Reached skill level 7 in Axes
  7869 | D:6      | Killed from afar by an orc priest

Vault maps used:
D:1:      elethiomel_arrival_shortcut
D:3:      uniq_terence, uniq_natasha
D:4:      minitemple, first_bread
D:5:      nicolae_ru_sacrificial_ziggurat, old_standard_altar,
          nicolae_ossuary_entry_ruins, uniq_crazy_yiuf_cottage, uniq_ijyb,
          uniq_eustachio, uniq_grinder
D:6:      kennysheep_generic_room_9
D:7:      gammafunk_temple_overflow_arena, temple_hall, lemuel_oklob_altar
Ossuary:  ossuary_due_cavern

Skill      XL: |  1  2  3  4  5  6  7  8 |
---------------+-------------------------+-----
Axes           | 2 3 4 6 7 |  7.2
Dodging        | 1 2 |  2.3
Armour         | 2 |  2.5
Fighting       | 4 5 6 |  6.2
Invocations    | 3 4 5 6 |  6.7

Action                   |  1- 3 |  4- 6 |  7- 9 || total
-------------------------+-------+-------+-------++-------
Melee: Hand axe          |    58 |    53 |    50 ||   161
       Dagger            |    72 |   151 |   134 ||   357
       Kick              |       |    53 |    48 ||   101
Throw: Stone             |    20 |       |       ||    20
       Throwing net      |       |       |     1 ||     1
  Use: Scroll            |       |     5 |       ||     5
       Potion            |       |       |     1 ||     1
 Stab: Distracted        |       |     1 |       ||     1
  Eat: Chunk             |     3 |     3 |     9 ||    15
       Meat ration       |       |     1 |       ||     1
       Royal jelly       |       |       |     1 ||     1
Armor: Leather armour    |    49 |    33 |       ||    82
       Scale mail        |       |    23 |    89 ||   112
Dodge: Dodged            |    77 |   115 |    77 ||   269

Table legend:
 A = Spawn XP
 B = Non-spawn XP
 C = Spawn XP percentage of total XP
 D = Spawn monster count
 E = Non-spawn monster count
 F = Spawn count percentage of total count
 G = Total turns spent on level
                    A         B        C        D         E        F      G
               +---------+---------+-------+---------+---------+-------+---------
         Total |       0 |    2414 |   0.0 |       0 |     131 |   0.0 |  7869
               +---------+---------+-------+---------+---------+-------+---------
           D:1 |       0 |      55 |   0.0 |       0 |      23 |   0.0 |  1056
           D:2 |       0 |      34 |   0.0 |       0 |      19 |   0.0 |   792
           D:3 |       0 |     192 |   0.0 |       0 |      26 |   0.0 |  1490
           D:4 |       0 |     147 |   0.0 |       0 |      11 |   0.0 |   700
           D:5 |       0 |     866 |   0.0 |       0 |      20 |   0.0 |  1510
           D:6 |       0 |     566 |   0.0 |       0 |      13 |   0.0 |  1305
           D:7 |       0 |     103 |   0.0 |       0 |       5 |   0.0 |    20
       Ossuary |       0 |     451 |   0.0 |       0 |      14 |   0.0 |   965
               +---------+---------+-------+---------+---------+-------+---------
